 Dungeon Crawl Stone Soup version 0.29.0-13-gc9e81de378 (webtiles) character file.

Game seed: 3380230749506000412

218 Anothat the Vexing (level 6, -8/47 HPs)
             Began as a Formicid Arcane Marksman on Sept 9, 2022.
             Killed by an exploding goblin (22 damage)
             ... ignited by their inner flame
             ... on level 4 of the Dungeon.
             The game lasted 00:06:40 (3151 turns).

Anothat the Vexing (Formicid Arcane Marksman)       Turns: 3151, Time: 00:06:41

Health: -8/47      AC:  5    Str: 14    XL:     6   Next: 17%
Magic:  10/10      EV: 12    Int: 16    God:
Gold:   252        SH:  0    Dex: 15    Spells: 3/10 levels left

rFire   . . .      SeeInvis +   a - +1 sling
rCold   . . .      Faith    .   (no shield)
rNeg    . . .      Spirit   .   d - +0 leather armour
rPois   .          Reflect  .   (helmet unavailable)
rElec   .          Harm     .   (no cloak)
rCorr   .          Rampage  .   r - +0 pair of gloves
Will    .....      Clarity  +   l - +2 pair of boots
Stlth   +.........              (no amulet)
HPRegen 0.15/turn               (no ring)
MPRegen 0.12/turn               (no ring)

@: no status effects
A: permanent stasis, dig shafts and tunnels, antennae 3, four strong arms,
clarity, clever 1, deformed body, mutation resistance 1
a: Dig, Shaft Self


You were on level 4 of the Dungeon.
You visited 1 branch of the dungeon, and saw 4 of its levels.

You collected 252 gold pieces.

Inventory:

Hand Weapons
 a - a +1 sling (weapon)
Armour
 c - a +0 robe
 d - a +0 leather armour (worn)
 l - a +2 pair of boots (worn)
 r - a +0 pair of gloves (worn)
Jewellery
 t - a ring of protection from cold
Wands
 u - a wand of quicksilver (6)
Scrolls
 b - a scroll of poison
 f - 2 scrolls of identify
 k - a scroll of enchant armour {unknown}
 n - a scroll of magic mapping {unknown}
 o - 2 scrolls of vulnerability {unknown}
 p - a scroll of fog {unknown}
 q - a scroll of noise {unknown}
Potions
 e - 2 potions of mutation
 i - a potion of cancellation
 m - a potion of haste {unknown}
 s - a potion of invisibility {unknown}


   Skills:
 + Level 3.1 Fighting
 + Level 3.3 Ranged Weapons
 + Level 3.1 Dodging
 + Level 2.9 Spellcasting
 - Level 3.6 Hexes


You had 3 spell levels left.
You knew the following spells:

 Your Spells              Type           Power      Damage    Failure   Level
a - Slow                  Hex            52%        N/A       5%          1
b - Inner Flame           Hex/Fire       8%         N/A       34%         3
c - Portal Projectile     Hex/Tloc       16%        N/A       34%         3

Your spell library contained the following spells:

 Spells                   Type           Power      Damage    Failure   Level
 Sublimation of Blood     Necr           2%         N/A       36%         2
 Wereblood                Tmut           2%         N/A       36%         2
 Cause Fear               Hex            6%         N/A       47%         4
 Summon Hydra             Summ           1%         N/A       100%        7


Dungeon Overview and Level Annotations

Branches:
Dungeon (4/15)
 Temple: D:4-7

Altars:
Vehumet

Shops:
D:2 *   D:3 [[=


Innate Abilities, Weirdness & Mutations

You cannot be hasted, slowed, berserked, paralysed or teleported.
You can dig through walls and to a lower floor.
You have a pair of large antennae on your head. (SInv)
Your four strong arms can wield two-handed weapons with a shield.
You possess an exceptional clarity of mind.
Your mind is acute. (Int +4, Str/Dex -1)
Armour fits poorly on your strangely shaped body.
You are somewhat resistant to further mutation.


Message History

The sling bullet closely misses the ball python.
The ball python barely misses you. x2; The goblin hits you with a +0 club.
You shoot a sling bullet. The sling bullet hits the ball python.
You kill the ball python!
Robin throws the goblin at you! The goblin barely misses you.
The goblin completely misses you. The goblin barely misses you.
You shoot a sling bullet.
The sling bullet barely misses the goblin.
The sling bullet hits Robin but does no damage.
The goblin no longer looks unusually strong.
The goblin hits you but does no damage.
A goblin comes into view. It is wielding a +0 club.
The goblin closely misses you. x2
Okay, then.
As you read the scroll labelled RYNIAN VUDANT, it crumbles to dust.
It is a scroll of identify.
i - a potion of cancellation The goblin hits you with a +0 club.
The goblin closely misses you.
As you read the scroll labelled ICZAMY LEWKIX, it crumbles to dust.
The creatures around you are filled with an inner flame!
It was a scroll of immolation.
The goblin hits you with a +0 club. The goblin closely misses you.
As you read the scroll labelled DOTAFO ULEH, it crumbles to dust.
You feel a strange sense of stasis.
It was a scroll of teleportation.
The goblin barely misses you. The goblin closely misses you.
As you read the scroll labelled BOUNWO XUMAQ, it crumbles to dust.
Your body is wracked with pain!
* * * LOW HITPOINT WARNING * * *
The goblin convulses!
Flame seeps out of the goblin.
The goblin convulses!
Flame seeps out of the goblin.
Robin convulses!
Flame seeps out of Robin.
The goblin convulses!
Flame seeps out of the goblin.
The goblin convulses!
Flame seeps out of the goblin.
It was a scroll of torment.
The goblin is engulfed in blazing flames.
The goblin explodes!
The fiery explosion engulfs the goblin!
The fiery explosion engulfs Robin!!!
Robin explodes!
The fiery explosion engulfs the goblin!!!
The goblin explodes!
The fiery explosion engulfs you!!
You die...

..g...... #.#†#g#.#####
..{g.{)..... #.#.#).....
#.#.#.g...# #.#.#.....#
#.#.#.....#
#####.#.#.#..○#######.##
......#.#...§○○○@g.....#
............#§#######..#
....#.........# #..
....#.#.#.##### ###..
....#.###'# ...# ....###
... ### ##... .....#
..... .... ...# ######
...... ....##.)######
_... .............#


You could see a goblin (inner flame, strong).

Vanquished Creatures
  Natasha (D:3)
  2 orc wizards (D:3)
  Robin (D:4)
  6 adders
  3 worms (D:2)
  3 orcs
  10 ball pythons
  3 endoplasms
  3 giant cockroaches
  16 goblins
  8 hobgoblins
  7 kobolds
  A quokka (D:1)
  4 bats (D:2)
  5 frilled lizards
  5 rats
78 creatures vanquished.

Notes
Turn   | Place    | Note
-------+----------+-------------------------------------------
     0 | D:1      | Anothat the Formicid Arcane Marksman began the quest for
                  | the Orb.
     0 | D:1      | Reached XP level 1. HP: 15/15 MP: 2/2
    64 | D:1      | Found a faded altar of an unknown god.
    65 | D:1      | Noticed an eye of devastation
    67 | D:1      | Noticed a floating eye
    67 | D:1      | Noticed an eye of devastation
    67 | D:1      | Noticed a golden eye
   137 | D:1      | Reached XP level 2. HP: 21/21 MP: 4/4
   652 | D:1      | Reached XP level 3. HP: 27/27 MP: 5/5
   906 | D:1      | Learned a level 3 spell: Inner Flame
   912 | D:2      | Found Dehukim's General Store.
  1453 | D:2      | Reached XP level 4. HP: 27/33 MP: 4/7
  1933 | D:2      | Reached XP level 5. HP: 36/39 MP: 6/8
  2169 | D:3      | Learned a level 3 spell: Portal Projectile
  2252 | D:3      | Found Lishic's Antique Armour Boutique.
  2266 | D:3      | Found Quekastre's Jewellery Shoppe.
  2479 | D:3      | Found Jetz's Armour Shoppe.
  2682 | D:4      | Noticed Natasha
  2693 | D:3      | Killed Natasha
  2770 | D:3      | Gained mutation: You possess an exceptional clarity of
                  | mind. [potion of mutation]
  2770 | D:3      | Gained mutation: Armour fits poorly on your strangely
                  | shaped body. [potion of mutation]
  2770 | D:3      | Gained mutation: Your mind is acute. (Int +4, Str/Dex -1)
                  | [potion of mutation]
  2770 | D:3      | Gained mutation: You are somewhat resistant to further
                  | mutation. [potion of mutation]
  2789 | D:3      | Reached XP level 6. HP: 35/47 MP: 10/10
  3122 | D:4      | Found a radiant altar of Vehumet.
  3133 | D:4      | Noticed Robin
  3151 | D:4      | Killed Robin
  3151 | D:4      | Killed by an exploding goblin... ignited by their inner
                  | flame

Illustrated notes

Levels and vault maps discovered:
D:1:      ncdulo_watergridlock, layout_loops_corners,
          hellmonk_ecumenical_altar_watching_god
D:2:      minmay_recursive_quarters, layout_basic, serial_shops, shop
D:3:      layout_loops_cross, serial_shops, shop, shop, shop
D:4:      minmay_clustersquares, layout_basic, nicolae_vehumet_altar_sigil,
          mainiacjoe_overflow_cross_hatched, uniq_robin, uniq_natasha

Skill      XL: |  1  2  3  4  5 |
---------------+----------------+-----
Dodging        | 2 3 |  3.1
Fighting       | 2 3 |  3.1
Spellcasting   | 2 |  2.9
Ranged Weapons | 3 |  3.3
Hexes          | |  3.6

Action                   |  1- 3 |  4- 6 || total
-------------------------+-------+-------++-------
Melee: Sling             |       |     1 ||     1
 Fire: Sling             |   128 |   153 ||   281
 Cast: Slow              |     7 |     7 ||    14
  Use: Potion            |       |     5 ||     5
       Scroll            |       |     4 ||     4
Armor: Leather armour    |    28 |    46 ||    74
       Skin              |       |    19 ||    19
Dodge: Dodged            |    56 |    81 ||   137
